 Dungeon Crawl Stone Soup version 0.30-a0-354-g6b83867211 (webtiles) character file.

Game seed: 8046069337679151094

56 koil the Chopper (level 3, -1/31 HPs)
             Began as a Hill Orc Reaver on Nov 8, 2022.
             Slain by an orc
             ... wielding a +0 hand axe
              (5 damage)
             ... on level 3 of the Dungeon.
             The game lasted 00:03:33 (2064 turns).

koil the Chopper (Hill Orc Reaver)                  Turns: 2064, Time: 00:03:33

Health: -1/31      AC:  6    Str: 16    XL:     3   Next: 97%
Magic:  5/5        EV: 11    Int: 13    God:
Gold:   89         SH:  0    Dex:  9    Spells: 4/5 levels left

rFire   . . .      SeeInvis .    a - +0 hand axe
rCold   . . .      Faith    .    (no shield)
rNeg    . . .      Spirit   .    b - +0 leather armour
rPois   .          Reflect  .    n - +1 helmet
rElec   .          Harm     .    (no cloak)
rCorr   .          Rampage  .    (no gloves)
Will    .....                    h - +0 pair of boots
Stlth   +.........               (no amulet)
HPRegen 0.25/turn                (no ring)
MPRegen 0.09/turn                (no ring)

@: no status effects
A: no striking features
a: no special abilities


You were on level 3 of the Dungeon.
You visited 1 branch of the dungeon, and saw 3 of its levels.

You collected 89 gold pieces.

Inventory:

Hand Weapons
 a - a +0 hand axe (weapon)
Armour
 b - a +0 leather armour (worn)
 h - a +0 pair of boots (worn)
 n - a +1 helmet (worn)
Wands
 k - a wand of roots (7)
 l - a wand of mindburst (9)
Scrolls
 c - a scroll of brand weapon {unknown}
 d - a scroll of butterflies {unknown}
 f - 2 scrolls of teleportation {unknown}
 i - a scroll of identify {unknown}
Potions
 e - a potion of might
 g - a potion of curing
 j - a potion of heal wounds {unknown}
 m - a potion of lignification {unknown}


   Skills:
 + Level 3.0 Fighting
 + Level 4.4 Axes
 + Level 1.3 Armour
 + Level 1.9 Dodging
 + Level 1.9 Spellcasting
 + Level 3.3 Conjurations


You had 4 spell levels left.
You knew the following spells:

 Your Spells              Type           Power      Damage    Failure   Level
a - Kiss of Death         Conj/Necr      20%        2d7       16%         1

Your spell library contained the following spells:

 Spells                   Type           Power      Damage    Failure   Level
 Momentum Strike          Conj/Tloc      10%        3d8       24%         2
 Freeze                   Ice            4%         1d3       32%         1
 Hailstorm                Conj/Ice       5%         3d4       43%         3
 Frozen Ramparts          Ice            2%         1d1       67%         3
 Gell's Gravitas          Tloc           1%         N/A       67%         3
 Teleport Other           Tloc           1%         N/A       67%         3
 Summon Forest            Summ/Tloc      0%         N/A       100%        5
 Summon Mana Viper        Hex/Summ       1%         N/A       100%        5
 Dispersal                Tloc           0%         N/A       100%        6
 Summon Cactus Giant      Summ           0%         N/A       100%        6


Dungeon Overview and Level Annotations

Branches:
Dungeon (3/15)

Altars:


Message History

You barely miss the orc.
The orc is heavily wounded.
The orc hits you but does no damage.
You hit the orc but do no damage.
The orc is heavily wounded.
The orc hits you but does no damage.
You closely miss the orc.
The orc is heavily wounded.
The orc hits you but does no damage.
You completely miss the orc.
The orc is heavily wounded.
The orc hits you with a +0 club.
* * * LOW HITPOINT WARNING * * *
You hit the orc but do no damage.
The orc is heavily wounded.
The orc barely misses you.
You closely miss the orc.
The orc is heavily wounded.
The orc misses you.
You hit the orc but do no damage.
The orc is heavily wounded.
The orc barely misses you.
You hit the orc but do no damage.
The orc is heavily wounded.
The orc hits you but does no damage.
You hit the orc but do no damage.
The orc is heavily wounded.
The orc barely misses you.
You hit the orc.
You kill the orc!
The orc hits you with a +0 hand axe.
* * * LOW HITPOINT WARNING * * *
You hit the orc.
The orc is heavily wounded.
The orc hits you with a +0 hand axe.
* * * LOW HITPOINT WARNING * * *
You hit the orc but do no damage.
The orc is heavily wounded.
The orc hits you with a +0 hand axe.
You die...

.. .?... .....
########..?..
#...........
#.........#
#.......# #
#...))..###.##
#...<...o@...#
#...)...###......
#.....$.# .....
#.......# #.#.
#......... #
#..........
##.......##.
...####... ...
.....


You could see an orc.

Vanquished Creatures
  An adder (D:2)
  2 dart slugs (D:2)
  4 orcs (D:3)
  3 bats (D:2)
  2 endoplasms
  2 giant cockroaches (D:2)
  4 goblins
  6 hobgoblins
  A kobold (D:1)
  A quokka (D:2)
  4 ball pythons
  2 frilled lizards (D:1)
  3 rats
35 creatures vanquished.

Notes
Turn   | Place    | Note
-------+----------+-------------------------------------------
     0 | D:1      | koil the Hill Orc Reaver began the quest for the Orb.
     0 | D:1      | Reached XP level 1. HP: 18/18 MP: 3/3
   326 | D:1      | Reached XP level 2. HP: 20/25 MP: 4/4
  1084 | D:2      | Found a faded altar of an unknown god.
  1135 | D:2      | Reached skill level 1 in Armour
  1135 | D:2      | Reached XP level 3. HP: 17/30 MP: 5/5
  1471 | D:2      | HP: 6/30 [adder (3)]
  1475 | D:2      | HP: 1/30 [adder (3)]
  2063 | D:3      | HP: 4/31 [orc/+0 hand axe (6)]
  2064 | D:3      | Slain by an orc

Illustrated notes

Levels and vault maps discovered:
D:1:      psy_arrival_radial02, layout_basic, minmay_liquid_box
D:2:      layout_loops_ring, hellmonk_ecumenical_altar_run_dry, serial_aquarium,
          aquarium_bridge_square [aquarium_subvault_bridge,
          aquarium_subvault_wall, aquarium_subvault_window,
          aquarium_subvault_wall], aquarium_bridge_straight
          [aquarium_subvault_bridge, aquarium_subvault_wall,
          aquarium_subvault_bridge, aquarium_subvault_balcony],
          aquarium_window_fake, aquarium_window_1, aquarium_window_fake,
          aquarium_window_fake, aquarium_view_2b, aquarium_view_2f,
          aquarium_balcony_1a, grunt_ministairs_8, minmay_cut_off
D:3:      cheibrodos_helix_gallery, layout_rooms, mainiacjoe_overflow_alcove_4,
          cheibrodos_ashenzari_chains

Skill      XL: |  1  2  3 |
---------------+----------+-----
Armour         | 1 |  1.3
Fighting       | 3 |  3.0
Axes           | |  4.4
Dodging        | |  1.9
Spellcasting   | |  1.9
Conjurations   | |  3.3

Action                   || total
-------------------------++-------
Melee: Hand axe          ||   166
  Use: Potion            ||     2
Armor: Leather armour    ||    67
Dodge: Dodged            ||   111

Table legend: (Time is in decaauts)
 A = Elapsed time spent in this place.
 B = Non-inter-level travel time spent in this place.
 C = Inter-level travel time spent in this place.
 D = Time resting spent in this place.
 E = Time spent auto-exploring this place.
 F = Levels seen in this place.
 G = Mean time per level.
                   A        B        C        D        E       F      G
               +--------+--------+--------+--------+--------+-----+--------+
         Total |   2079 |   2035 |     44 |      0 |   1706 |   3 |  693.0 |
       Dungeon |   2079 |   2035 |     44 |      0 |   1706 |   3 |  693.0 |
               +--------+--------+--------+--------+--------+-----+--------+

Top non-repeatable levels by time:
     D:2: 1157 daAuts
     D:1: 890 daAuts
     D:3: 30 daAuts
